Map: 莱瑞拉克之冠

Players

shengy - Winner!

  • Race: Zerg Zerg
  • League: Platinum

UrbanZyrx

  • Race: Zerg Zerg
  • League: Platinum

VOD

Have the link to the VOD?

Description

Time

  • Played on: Dec. 31, 2015, 11:50 p.m.
  • Length: 16:01
Show
View Real Time Build Order
Export as new Build Order

shengy Zerg - Winner!

Build Orders: Hatch First, Lurkers 

Get SALT Encoding   

  12  0:01  Drone  
  13  0:08  Drone  
  14  0:16  Overlord  
  14  0:26  Drone, Extractor  
  16  0:35  Drone x2  
  17  0:58  Hatchery  
  16  1:05  Drone x2, Extractor  
  17  1:17  Spawning Pool  
  16  1:20  Drone  
  17  1:35  Drone  
  17  1:37  Drone  
  17  1:39  Overlord  
  19  2:06  Queen  
  19  2:07  Zergling x4  
  23  2:11  Queen  
  23  2:13  Metabolic Boost  
  25  2:17  Drone  
  25  2:21  Zergling x2  
  27  2:29  Baneling Nest  
  26  2:39  Drone x3  
  29  2:58  Roach Warren, Drone x2  
  31  2:59  Drone  
  31  3:06  Overlord  
  30  3:16  Baneling x2  
  30  3:18  Zergling x2  
  30  3:19  Zergling x4  
  33  3:27  Extractor, Drone x2  
  35  3:28  Drone  
  35  3:45  Baneling x2  
  34  3:53  Lair  
  34  3:55  Overlord  
  34  3:58  Drone x2  
  34  3:59  Drone x3  
  39  4:13  Zergling x4  
  41  4:19  Baneling x3  
  41  4:22  Zergling x10  
  45  4:27  Roach  
  42  5:00  Roach  
  42  5:01  Roach x4  
  50  5:16  Baneling x2  
  50  5:17  Baneling  
  50  5:22  Glial Reconstitution  
  50  5:25  Overlord x2  
  50  5:26  Overlord  
  50  5:29  Extractor  
  47  5:44  Extractor  
  47  5:45  Drone x7  
  53  6:02  Drone x3  
  53  6:03  Drone  
  57  6:06  Extractor  
  57  6:07  Hatchery  
  55  6:12  Roach  
  55  6:13  Roach x3  
  55  6:14  Ravager  
  55  6:15  Ravager x3  
  67  6:32  Drone x5  
  72  6:36  Drone  
  72  6:39  Drone x2  
  75  6:41  Drone, Evolution Chamber  
  75  6:42  Evolution Chamber  
  74  6:51  Overlord x2  
  74  6:52  Hydralisk Den  
  73  7:09  Zerg Missile Weapons Level 1, Zerg Ground Armor Level 1  
  73  7:14  Drone  
  73  7:15  Drone x5  
  79  7:27  Overlord  
  79  7:29  Hydralisk x2  
  81  7:30  Hydralisk  
  85  7:37  Lurker Den  
  85  7:38  Drone  
  85  7:40  Drone  
  85  7:42  Drone  
  85  7:44  Zergling x2  
  89  7:46  Zergling x2  
  89  7:47  Zergling x2  
  91  7:52  Drone  
  91  7:53  Drone x2  
  91  7:54  Drone  
  91  7:55  Drone  
  96  8:00  Queen  
  96  8:05  Extractor, Drone x3  
  100  8:06  Drone  
  100  8:09  Overlord  
  101  8:24  Hydralisk x2  
  104  8:29  Spore Crawler  
  104  8:32  Spore Crawler x2  
  104  8:34  Spore Crawler  
  99  8:38  Spore Crawler x2  
  99  8:39  Hydralisk  
  99  8:40  Hydralisk x3  
  105  8:46  Infestation Pit  
  105  8:47  Overlord x2  
  104  8:51  Overlord  
  104  8:59  Overlord x2  
  104  9:00  Spore Crawler  
  100  9:35  Zergling x2  
  100  9:36  Hydralisk x3, Zergling x6  
  100  9:37  Hydralisk x5  
  120  9:39  Lurker  
  120  9:40  Lurker x4  
  125  9:52  Drone x2  
  127  9:53  Drone x2  
  128  10:05  Baneling x8  
  128  10:13  Zerg Missile Weapons Level 2  
  128  10:22  Hatchery  
  128  10:26  Drone x3  
  88  11:00  Hydralisk x8  
  88  11:01  Hydralisk x7  
  102  11:14  Hydralisk x4  
  102  11:16  Hydralisk x12  
  104  11:24  Overseer  
  101  11:37  Lurker x12  
  113  11:41  Lurker x4  
  113  11:42  Lurker x5  
  113  11:45  Hydralisk x2  
  113  11:46  Hydralisk x3  
  120  11:56  Hydralisk  
  120  11:59  Overlord x3  
  122  12:14  Overlord  
  122  12:15  Overlord  
  122  12:24  Hatchery  
  122  12:25  Extractor  
  122  12:27  Extractor  
  122  12:28  Muscular Augments  
  122  12:29  Infestation Pit, Hydralisk x2  
  105  12:57  Pathogen Glands  
  105  13:01  Infestor x4  
  114  13:06  Hydralisk x3  
  94  14:01  Hydralisk x10  
  94  14:29  Hydralisk  
  94  14:30  Hydralisk x3  
  78  14:49  Roach x3  
  84  14:57  Zergling x6  
  79  15:36  Hatchery  
Show
View Real Time Build Order
Export as new Build Order

UrbanZyrx Zerg 

Build Orders: Pool First 

Get SALT Encoding   

  12  0:03  Drone  
  13  0:13  Overlord  
  13  0:18  Drone  
  14  0:31  Drone x2  
  16  0:37  Drone  
  17  0:43  Extractor  
  17  0:47  Drone  
  17  0:54  Spawning Pool  
  16  0:57  Drone  
  17  1:18  Hatchery  
  17  1:24  Drone  
  17  1:27  Drone  
  19  1:32  Drone  
  19  1:41  Zergling x2  
  19  1:43  Metabolic Boost  
  20  1:51  Zergling x2  
  21  2:05  Drone  
  22  2:19  Overlord  
  22  2:31  Queen x2  
  22  2:33  Zergling x4  
  27  2:42  Baneling Nest  
  26  2:55  Drone x5  
  31  3:17  Overlord x2  
  31  3:22  Lair  
  31  3:23  Extractor  
  30  3:47  Baneling x2  
  29  3:50  Zergling x18  
  29  3:51  Zergling x4  
  40  4:06  Drone x2  
  42  4:12  Baneling x3  
  42  4:19  Drone x2  
  42  4:21  Overlord x2  
  42  4:22  Overlord  
  43  4:41  Drone x6  
  48  4:57  Baneling x2, Zergling x4  
  46  5:13  Baneling x3  
  46  5:14  Zergling x16  
  45  5:19  Extractor  
  45  5:20  Spire  
  45  5:21  Extractor  
  46  5:50  Spine Crawler  
  46  5:51  Drone x5  
  46  5:52  Spine Crawler, Drone x5  
  54  6:20  Evolution Chamber  
  54  6:22  Evolution Chamber  
  52  6:32  Mutalisk  
  52  6:33  Mutalisk x6  
  52  6:35  Zergling x2  
  67  6:43  Overlord  
  67  6:46  Zerg Melee Weapons Level 1  
  66  7:08  Drone x6  
  69  7:09  Drone x4  
  69  7:13  Overlord  
  75  7:28  Drone  
  76  7:31  Mutalisk  
  76  7:33  Hatchery  
  76  7:34  Mutalisk  
  79  7:45  Mutalisk x2  
  79  7:48  Overlord x2  
  83  7:53  Zerg Flyer Weapons Level 1  
  83  8:05  Mutalisk x2  
  83  8:06  Mutalisk x2  
  91  8:13  Overseer  
  90  8:29  Mutalisk x2  
  94  8:49  Drone x4  
  94  8:50  Drone x6  
  94  8:51  Overlord x3  
  94  8:53  Overseer  
  104  9:01  Overlord x2  
  86  9:31  Mutalisk x6  
  84  9:32  Zergling x2  
  84  9:33  Zergling x8  
  84  9:34  Baneling x3  
  84  9:35  Baneling  
  101  9:40  Queen, Extractor  
  101  9:42  Extractor  
  100  10:10  Mutalisk x4  
  100  10:11  Zergling x2  
  100  10:12  Zergling x12  
  115  10:19  Hatchery  
  114  10:22  Drone x2  
  114  10:23  Drone x3  
  98  10:45  Mutalisk  
  98  10:46  Mutalisk  
  98  10:47  Zergling x8  
  84  11:04  Zergling x14  
  84  11:05  Zergling x2  
  89  11:15  Queen  
  89  11:16  Zerg Melee Weapons Level 2  
  91  11:19  Mutalisk x5  
  91  11:24  Zerg Flyer Weapons Level 2  
  101  11:26  Queen  
  103  11:47  Baneling x3  
  103  11:48  Baneling x4  
  103  12:02  Drone x10  
  103  12:03  Drone x4  
  117  12:10  Centrifical Hooks  
  117  12:11  Zergling x2  
  118  12:17  Hatchery, Zergling x8  
  118  12:18  Zergling x2  
  122  12:26  Mutalisk x4  
  129  12:39  Zergling x2  
  129  12:40  Zergling x18  
  133  12:51  Baneling  
  133  12:52  Baneling x7  
  133  12:59  Queen, Extractor  
  133  13:02  Extractor  
  133  13:04  Zergling x2  
  133  13:05  Zergling x20  
  144  13:14  Evolution Chamber  
  144  13:15  Drone  
  144  13:16  Infestation Pit  
  144  13:17  Overlord x6  
  143  13:24  Overlord x2  
  143  13:25  Overlord x3  
  125  13:39  Zergling x10  
  125  13:40  Mutalisk, Zergling x6  
  103  14:02  Overseer  
  103  14:03  Overseer x2, Mutalisk x3  
  103  14:04  Mutalisk x6  
  103  14:08  Baneling  
  103  14:09  Baneling x5  
  113  14:11  Baneling  
  112  14:20  Zergling x4  
  112  14:21  Zergling x14  
  112  14:22  Zergling x6  
  73  14:34  Zergling x10  
  73  14:35  Zergling x2  
  73  14:36  Mutalisk  
  73  14:42  Mutalisk  
  72  14:59  Hatchery  
Tags
 
Add a new tag
Caveats
  • Supply blocks, unpowered buildings, or Contaminate may cause inaccurate times.
  • Supply counts are checked every 10 seconds.